 Dungeon Crawl Stone Soup version 0.31-a0-1227-g0136665373 (webtiles) character file.

Game seed: 5890900353699207281

33 gelatine the Vexing (level 3, 0/26 HPs)
             Began as a Demonspawn Hexslinger on Dec 15, 2023.
             Slain by an adder (2 damage)
             ... on level 1 of the Dungeon.
             The game lasted 00:03:02 (690 turns).

gelatine the Vexing (Demonspawn Hexslinger)          Turns: 690, Time: 00:03:03

Health: 0/26       AC:  2    Str:  8    XL:     3   Next: 12%
Magic:  4/4        EV: 14    Int: 13    God:
Gold:   29         SH:  0    Dex: 17    Spells: 2/4 levels left

rFire   . . .        a - +1 sling
rCold   . . .        (no shield)
rNeg    . . .        c - +0 robe
rPois   .            (no helmet)
rElec   .            (no cloak)
rCorr   .            (no gloves)
SInv    .            (no boots)
Will    .....        (no amulet)
Stlth   ++           (no ring)
HPRegen 0.24/turn    (no ring)
MPRegen 0.09/turn

%: no passive effects
@: lethally poisoned (0 -> -1)
A: repulsion field 1
a: no special abilities


You were on level 1 of the Dungeon.
You visited 1 branch of the dungeon, and saw 2 of its levels.

You collected 29 gold pieces.

Inventory:

Hand Weapons
 a - a +1 sling (weapon)
Armour
 c - a +0 robe (worn)
Talismans
 g - a blade talisman
Scrolls
 b - a scroll of poison
 d - a scroll of enchant armour {unknown}
 f - a scroll of identify {unknown}
 h - a scroll of teleportation {unknown}
Potions
 e - a potion of attraction {unknown}


   Skills:
 + Level 1.1 Fighting
 + Level 2.6 Ranged Weapons
 + Level 2.0 Dodging
 + Level 1.0 Spellcasting
 + Level 3.4 Hexes
 + Level 0.8 Fire Magic


You had 2 spell levels left.
You knew the following spells:

 Your Spells              Type           Power      Damage    Failure   Level
a - Jinxbite              Hex            18%        N/A       11%         2

Your spell library contained the following spells:

 Spells                   Type           Power      Damage    Failure   Level
 Sigil of Binding         Hex            9%         N/A       21%         3
 Inner Flame              Hex/Fire       6%         N/A       34%         3
 Cause Fear               Hex            4%         N/A       56%         4
 Dimensional Bullseye     Hex/Tloc       2%         N/A       80%         4


Dungeon Overview and Level Annotations

Branches:
Dungeon (2/15)

Altars:


Innate Abilities, Weirdness & Mutations

You are surrounded by a mild repulsion field. (EV +2)


Message History

The ball python bites you. The ball python grabs you.
You stop ascending the stairs.
The ball python constricts you. The adder barely misses you.
You shoot a sling bullet.
The sling bullet barely misses the ball python.
The bat completely misses you. The bat hits you. The adder barely misses you.
The adder bites you but does no damage. The rat closely misses you.
The ball python bites you. The ball python constricts you.
The bat barely misses you. The adder closely misses you.
You escape the ball python's grasp.
The adder barely misses you. The rat barely misses you.
The ball python bites you. The ball python misses you. The bat misses you.
The adder misses you. The adder bites you.
You climb upwards.
There is a stone staircase leading down here.
You are too injured to fight recklessly!
You shoot a sling bullet. The sling bullet hits the ball python!
You kill the ball python!
The adder bites you. The adder barely misses you. The adder bites you.
You see here a ball python corpse.
You are too injured to fight recklessly!
You are too injured to fight recklessly!
You are too injured to fight recklessly!
You are too injured to fight recklessly!
You shoot a sling bullet. The sling bullet misses the adder.
The adder bites you.
* * * LOW HITPOINT WARNING * * *
You are poisoned.
The adder poisons you! The adder closely misses you.
You shoot a sling bullet.
The sling bullet closely misses the adder.
The sling bullet hits the rat.
You kill the rat!
* * * LOW HITPOINT WARNING * * *
You feel sick. The adder bites you but does no damage. The adder misses you.
You shoot a sling bullet. The sling bullet misses the adder.
The sling bullet barely misses the adder.
You feel sick. The adder bites you.
You die...

######
########....###
#SS@รท.........#
#.######....#.######
#...................
#.##...#....#.......
#.##..........#####.
#.##).........#####.
#.##................
#.#####..##......##.
#.# ##.###....###.


You could see 2 adders.

Vanquished Creatures
  A dart slug (D:1)
  3 ball pythons (D:1)
  2 bats (D:1)
  5 endoplasms (D:1)
  5 goblins (D:1)
  4 hobgoblins (D:1)
  3 kobolds (D:1)
  A frilled lizard (D:1)
  3 rats (D:1)
27 creatures vanquished.

Notes
Turn   | Place    | Note
-------+----------+-------------------------------------------
     0 | D:1      | gelatine the Demonspawn Hexslinger began the quest for the
                  | Orb.
     0 | D:1      | Reached XP level 1. HP: 15/15 MP: 2/2
   229 | D:1      | Gained mutation: You are surrounded by a mild repulsion
                  | field. (EV +2) [demonic ancestry]
   229 | D:1      | Reached XP level 2. HP: 21/21 MP: 3/3
   240 | D:1      | Learned a level 2 spell: Jinxbite
   521 | D:1      | Reached XP level 3. HP: 14/26 MP: 4/4
   690 | D:1      | Slain by an adder

Illustrated notes

Levels and vault maps discovered:
D:1:      dpeg_arrival_radiant, layout_basic, minivault_19
D:2:      layout_rooms

Skill      XL: |  1  2 |
---------------+-------+-----
Ranged Weapons | 2 |  2.6
Dodging        | 2 |  2.0
Fighting       | |  1.1
Spellcasting   | |  1.0
Hexes          | |  3.4
Fire Magic     | |  0.8

Action                     || total
---------------------------++-------
   Fire: Sling             ||    65
   Cast: Jinxbite          ||     1
 Armour: Robe              ||    26
  Dodge: Dodged            ||    43

Table legend: (Time is in decaauts)
 A = Elapsed time spent in this place.
 B = Non-inter-level travel time spent in this place.
 C = Inter-level travel time spent in this place.
 D = Time resting spent in this place.
 E = Time spent auto-exploring this place.
 F = Levels seen in this place.
 G = Mean time per level.
                   A        B        C        D        E       F      G
               +--------+--------+--------+--------+--------+-----+--------+
         Total |    708 |    699 |      9 |      0 |    560 |   2 |  354.0 |
       Dungeon |    708 |    699 |      9 |      0 |    560 |   2 |  354.0 |
               +--------+--------+--------+--------+--------+-----+--------+

Top non-repeatable levels by time:
     D:1: 697 daAuts
     D:2: 11 daAuts
